 Dungeon Crawl Stone Soup version 0.30-a0-377-g5cb311bc9f (webtiles) character file.

Game seed: 14230103043481462140

50 lesbiats the Conjurer (level 3, -3/37 HPs)
             Began as an Ogre Reaver on Dec 1, 2022.
             Slain by an iguana (10 damage)
             ... on level 4 of the Dungeon.
             The game lasted 00:07:13 (1686 turns).

lesbiats the Conjurer (Ogre Reaver)                 Turns: 1686, Time: 00:07:13

Health: -3/37      AC:  4    Str: 16    XL:     3   Next: 79%
Magic:  6/7        EV:  9    Int: 16    God:
Gold:   117        SH:  0    Dex:  7    Spells: 1/7 levels left

rFire   . . .      SeeInvis .    a - +0 mace
rCold   . . .      Faith    .    (no shield)
rNeg    . . .      Spirit   .    b - +0 robe
rPois   .          Reflect  .    g - +1 hat
rElec   .          Harm     .    (no cloak)
rCorr   .          Rampage  .    (gloves unavailable)
Will    .....                    (boots unavailable)
Stlth   +.........               (no amulet)
HPRegen 0.26/turn                (no ring)
MPRegen 0.10/turn                (no ring)

@: no status effects
A: large, unfitting armour, tough skin 1
a: no special abilities


You were on level 4 of the Dungeon.
You visited 1 branch of the dungeon, and saw 3 of its levels.

You collected 117 gold pieces.

Inventory:

Hand Weapons
 a - a +0 mace (weapon)
Missiles
 h - 4 poisoned darts
Armour
 b - a +0 robe (worn)
 g - a +1 hat (worn)
Scrolls
 d - a scroll of fog {unknown}
 e - a scroll of enchant weapon {unknown}
 k - 2 scrolls of teleportation {unknown}
 l - a scroll of silence {unknown}
Potions
 c - 2 potions of attraction {unknown}
 f - a potion of flight {unknown}
 i - a potion of resistance {unknown}
 j - a potion of magic {unknown}
 m - a potion of invisibility {unknown}


   Skills:
 + Level 3.3 Fighting
 + Level 3.1 Maces & Flails
 - Level 1.7 Dodging
 + Level 2.9 Spellcasting
 * Level 3.3 Conjurations


You had one spell level left.
You knew the following spells:

 Your Spells              Type           Power      Damage    Failure   Level
a - Kiss of Death         Conj/Necr      28%        2d7       10%         1
b - Momentum Strike       Conj/Tloc      14%        3d8       14%         2
c - Hailstorm             Conj/Ice       7%         3d4       28%         3

Your spell library contained the following spells:

 Spells                   Type           Power      Damage    Failure   Level
 Blink                    Tloc           4%         N/A       28%         2
 Lesser Beckoning         Tloc           4%         N/A       50%         3


Dungeon Overview and Level Annotations

Branches:
Dungeon (4/15)
 Temple: D:4-7

Altars:
Yredelemnul

Annotations:
D:4 3 runed translucent doors, bigduke15's ghost, amateur KoHu


Innate Abilities, Weirdness & Mutations

You are too large for most types of armour.
You have tough skin. (AC +1)


Message History

Found 5 stones.
An iguana comes into view.
The iguana hisses angrily.
You see here a clear potion.
m - a clear potion You closely miss the iguana.
The iguana completely misses you.
Casting: Momentum Strike (safe; 14% risk of failure)
Confirm with . or Enter, or press ? or * to list all spells.
Aiming: Momentum Strike (safe; 14% risk of failure)
Press: ? - help, Dir - move target, f - iguana
Aim: an iguana (72% to hit)
The concentrated momentum hits the iguana.
You are unable to move.
The iguana bites you.
You barely miss the iguana.
The iguana is moderately wounded.
The iguana bites you but does no damage.
You hit the iguana but do no damage.
The iguana is moderately wounded.
The iguana barely misses you.
You sock the iguana!
The iguana is almost dead.
The iguana bites you!
The iguana bites you but does no damage.
You barely miss the iguana.
The iguana is almost dead.
The iguana bites you.
You hit the iguana but do no damage.
The iguana is almost dead.
The iguana misses you.
Unknown command.
You barely miss the iguana.
The iguana is almost dead.
You are no longer robbed of momentum.
The iguana barely misses you.
You closely miss the iguana.
The iguana is almost dead.
The iguana bites you!
* * * LOW HITPOINT WARNING * * *
The iguana bites you!
You die...

#.........##.#
#..###.......#
##'##
#.#####.#
##...###. #.#
##.....##. #.#
##.#...#.##
#.8.8.8.8.##
#...........#
+.....[.@...+
#.$....l....#
##.8.8.8.8.##
##.#...#.##
##(....##
##... ##+#


You could see an iguana.

Vanquished Creatures
  A worm (D:2)
  A dart slug (D:1)
  A ball python (D:2)
  5 endoplasms
  A giant cockroach (D:1)
  6 goblins
  4 hobgoblins
  4 quokkas
  6 bats
  4 frilled lizards (D:1)
  2 kobolds (D:1)
  6 rats
41 creatures vanquished.

Vanquished Creatures (others)
  5 plants (D:1)
  4 toadstools (D:1)
9 creatures vanquished.

Grand Total: 50 creatures vanquished

Notes
Turn   | Place    | Note
-------+----------+-------------------------------------------
     0 | D:1      | lesbiats the Ogre Reaver began the quest for the Orb.
     0 | D:1      | Reached XP level 1. HP: 22/22 MP: 3/3
    85 | D:1      | Reached XP level 2. HP: 6/29 MP: 5/5
   182 | D:1      | Learned a level 2 spell: Momentum Strike
   571 | D:1      | Reached XP level 3. HP: 35/37 MP: 7/7
  1419 | D:2      | Learned a level 3 spell: Hailstorm
  1526 | D:2      | You fall into a shaft and drop 2 floors!
  1605 | D:4      | Found a runed translucent gate.
  1605 | D:4      | Found a runed translucent gate.
  1605 | D:4      | Found a runed translucent gate.
  1605 | D:4      | Noticed bigduke15's ghost (amateur KoHu)
  1607 | D:4      | Found a basalt altar of Yredelemnul.
  1686 | D:4      | Slain by an iguana

Illustrated notes

Levels and vault maps discovered:
D:1:      ldierk_walled_garden_2, layout_loops_ring, serial_forest,
          infiniplex_forest_lined_4_way, infiniplex_forest_straight_3,
          infiniplex_forest_corner_2, infiniplex_forest_lined_3,
          infiniplex_forest_end_2, infiniplex_forest_straight_2,
          infiniplex_forest_clump_double, infiniplex_forest_side_room,
          infiniplex_forest_clump_medium, grunt_decor_clamped,
          minmay_heptomino_h4
D:2:      cheibrodos_helix_gallery, layout_basic
D:4:      layout_loops_corners, nicolae_yredelemnul_ghost_church,
          dreamdust_princess_corridor, dk_noncrumbling_3, uniq_menkaure,
          uniq_blork_the_orc

Skill      XL: |  1  2  3 |
---------------+----------+-----
Fighting       | 3 |  3.3
Conjurations   | 3 |  3.3
Maces & Flails | 3 |  3.1
Dodging        | |  1.7
Spellcasting   | |  2.9

Action                   || total
-------------------------++-------
Melee: Mace              ||   131
 Cast: Momentum Strike   ||     2
Armor: Robe              ||    46
Dodge: Dodged            ||    53

Table legend: (Time is in decaauts)
 A = Elapsed time spent in this place.
 B = Non-inter-level travel time spent in this place.
 C = Inter-level travel time spent in this place.
 D = Time resting spent in this place.
 E = Time spent auto-exploring this place.
 F = Levels seen in this place.
 G = Mean time per level.
                   A        B        C        D        E       F      G
               +--------+--------+--------+--------+--------+-----+--------+
         Total |   1719 |   1586 |    133 |    128 |   1043 |   3 |  573.0 |
       Dungeon |   1719 |   1586 |    133 |    128 |   1043 |   3 |  573.0 |
               +--------+--------+--------+--------+--------+-----+--------+

Top non-repeatable levels by time:
     D:1: 1210 daAuts
     D:2: 347 daAuts
     D:4: 161 daAuts
